 Dungeon Crawl Stone Soup version 0.26.1-11-gd32895ea62 (webtiles) character file.

Game seed: 14877182676918833600

175 Zeld the Chucker (level 5, 0/50 HPs)
             Began as a Troll Hunter on June 7, 2021.
             Succumbed to a worker ant's poison
             ... on level 3 of the Dungeon.
             The game lasted 00:02:58 (2540 turns).

Zeld the Chucker (Troll Hunter)                     Turns: 2540, Time: 00:02:58

Health: 0/50       AC:  6    Str: 21    XL:     5   Next: 29%
Magic:  4/4        EV: 10    Int:  7    God:
Gold:   169        SH:  0    Dex: 10    Spells: 4/4 levels left

rFire    . . .     SeeInvis .   (no weapon)
rCold    . . .     Faith    .   (no shield)
rNeg     . . .     Spirit   .   b - +0 robe
rPois    .         Reflect  .   (helmet restricted)
rElec    .         Harm     .   (no cloak)
rCorr    .         Rampage  .   (gloves unavailable)
Will     .....                  (boots unavailable)
Stlth    +.........             (no amulet)
HPRegen  0.56/turn              (no ring)
MPRegen  0.09/turn              (no ring)

@: lethally poisoned (0 -> -9)
A: large, unfitting armour, claws 3, regeneration 1, shaggy fur 1, tough skin 3
a: no special abilities


You were on level 3 of the Dungeon.
You visited 1 branch of the dungeon, and saw 4 of its levels.
You also visited: Sewer.

You collected 169 gold pieces.

Inventory:

Missiles
 c - 5 large rocks (quivered)
 p - 5 javelins
Armour
 b - a +0 robe (worn)
Jewellery
 s - an uncursed ring of see invisible {unknown}
Scrolls
 a - a scroll of teleportation {unknown}
 e - a scroll of enchant armour {unknown}
 g - a scroll of immolation {unknown}
 h - a scroll of fog {unknown}
 i - a scroll of fear {unknown}
 k - 2 scrolls of remove curse {unknown}
 l - a scroll of noise {unknown}
 n - a scroll of amnesia {unknown}
 o - 3 scrolls of identify {unknown}
Potions
 d - a potion of haste {unknown}
 f - a potion of attraction {unknown}
 j - a potion of cancellation {unknown}
 m - 3 potions of curing {unknown}
 q - a potion of might {unknown}
 r - 2 potions of heal wounds {unknown}


   Skills:
 + Level 2.6 Fighting
 * Level 5.0 Throwing
 + Level 2.6 Dodging
 - Level 0.3 Stealth


You had 4 spell levels left.
You didn't know any spells.
Your spell library was empty.

Dungeon Overview and Level Annotations

Branches:
Dungeon (4/15)              Sewer (visited)
 Temple: D:4-7

Altars:
Kikubaaqudgha
Sif Muna
Zin

Annotations:
D:4 Grinder


Innate Abilities, Weirdness & Mutations

You are too large for most types of armour.
You have claws for hands.
Your natural rate of healing is unusually fast.
You are covered in fur. (AC +1)
You have extremely tough skin. (AC +3)


Message History

The worker ant bites you but does no damage.
You scratch the worker ant but do no damage.
The worker ant is severely wounded.
You feel sick. The worker ant completely misses you.
You closely miss the worker ant.
The worker ant is severely wounded.
The worker ant bites you.
* * * LOW HITPOINT WARNING * * *
You are more poisoned.
The worker ant poisons you! The worker ant bites you.
* * * LOW HITPOINT WARNING * * *
You are lethally poisoned!
The worker ant poisons you!
You closely miss the worker ant.
The worker ant is severely wounded.
* * * LOW HITPOINT WARNING * * *
You feel sick. The worker ant bites you.
* * * LOW HITPOINT WARNING * * *
Unknown command.
You die...

#.##.......# #.########## #.# #.#
#####.####### #######
...##.......# #......
##.#...####.# #.#####
.#......###.######### #.# ###
.#.#...#.....BB.@...# ##.###.#
.........##.>####.#.# #.....#.
.............# ##.#.# #..###.#
.####.####...# #..#.# #..# ###
.##.....##...###.##.# #..#####
.#.......#.#........# #.......
.#.......#.#####.#### #.######
....._.....# ##..# #.##.##
.#.......#.###...#########.#...##


You could see 2 worker ants.

Vanquished Creatures
  Purgy (Sewer)
  3 adders
  A worm (D:2)
  A dart slug (D:3)
  A leopard gecko (D:3)
  An orc (D:4)
  A ball python (D:2)
  11 bats
  3 giant cockroaches
  5 goblins
  6 hobgoblins
  3 jackals (D:3)
  2 quokkas (D:2)
  5 frilled lizards
  4 kobolds
  5 rats
53 creatures vanquished.

Notes
Turn   | Place    | Note
-------+----------+-------------------------------------------
     0 | D:1      | Zeld the Troll Hunter began the quest for the Orb.
     0 | D:1      | Reached XP level 1. HP: 19/19 MP: 0/0
   464 | D:1      | Reached XP level 2. HP: 28/28 MP: 1/1
   685 | D:2      | Found a glowing silver altar of Zin.
   781 | D:2      | Reached skill level 4 in Throwing
  1005 | D:2      | Reached XP level 3. HP: 35/35 MP: 2/2
  1527 | D:3      | Found a glowing drain.
  1543 | Sewer    | Entered a sewer
  1581 | Sewer    | Noticed Purgy
  1604 | Sewer    | Killed Purgy
  1605 | Sewer    | Reached XP level 4. HP: 21/44 MP: 3/3
  1605 | Sewer    | Reached XP level 5. HP: 24/50 MP: 4/4
  1942 | D:3      | Found an ancient bone altar of Kikubaaqudgha.
  2240 | D:3      | Reached skill level 5 in Throwing
  2387 | D:3      | Found a shimmering blue altar of Sif Muna.
  2515 | D:4      | Noticed Grinder
  2539 | D:3      | HP: 1/50 [worker ant (4)]
  2540 | D:3      | Succumbed to a worker ant's poison

Illustrated notes

Levels and vault maps discovered:
D:1:      shiori_shiawase, layout_loops_ring, minmay_misc_feat_square
D:2:      layout_loops_ring, overflow_temple_1_default
D:3:      layout_loops_corners, general_overflow_altar, old_standard_altar,
          cheibrodos_sewer_entry_drain, chequers_jeans
D:4:      layout_rooms, serial_shops, shop, minmay_misc_feat_rugged,
          uniq_grinder

Skill      XL: |  1  2  3  4  5 |
---------------+----------------+-----
Throwing       | 4 5 |  5.0
Dodging        | 2 |  2.6
Fighting       | 2 |  2.6
Stealth        | |  0.3

Action                   |  1- 3 |  4- 6 || total
-------------------------+-------+-------++-------
Melee: Unarmed           |   143 |    61 ||   204
Throw: Throwing net      |     2 |       ||     2
 Stab: Sleeping          |     2 |       ||     2
Armor: Robe              |    73 |    26 ||    99
Dodge: Dodged            |    77 |    42 ||   119
